 Dungeon Crawl Stone Soup version 0.31-a0-986-g5e6e4ef867 (webtiles) character file.

Game seed: 17541396931455315444

5096 croobank the Trooper (level 10, 0/84 HPs)
             Began as a Yellow Draconian Shapeshifter on Nov 21, 2023.
             Was an Initiate of Gozag.
             Slain by a vampire (4 damage)
             ... on level 9 of the Dungeon.
             The game lasted 00:25:52 (8799 turns).

croobank the Trooper (DrSh)                         Turns: 8799, Time: 00:25:53

Health: 0/84       AC:  7    Str: 17    XL:     10   Next: 32%
Magic:  12/18      EV: 15    Int: 14    God:    Gozag
Gold:   1069       SH:  0    Dex: 17    Spells: 17/20 levels left

rFire   . . .        v - +2 dagger (venom)
rCold   . . .        (no shield)
rNeg    . . .        (body armour unavailable)
rPois   .            (helmet currently unavailable)
rElec   .            C - melded +1 cloak {Will+}
rCorr   +            (gloves currently unavailable)
SInv    .            (boots currently unavailable)
Will    .....        (no amulet)
Stlth   ++           g - +6 ring of dexterity
HPRegen 0.34/turn    (no ring)
MPRegen 0.16/turn

%: no passive effects
@: mighty, confusing by touch, about to teleport, beast-form
A: beast (slay +3), spit acid, AC +7, unfitting armour, cold-blooded, acid
resistance
a: Breathe Acid, Begin Untransformation, Renounce Religion, Potion Petition,
Call Merchant, Bribe Branch


You were on level 9 of the Dungeon.
You worshipped Gozag.
Gozag was most pleased with you.
You were a hulking beast.
You visited 1 branch of the dungeon, and saw 9 of its levels.

You collected 1184 gold pieces.
You paid 115 gold pieces to Gozag.

Inventory:

Hand Weapons
 b - a +0 shortbow of flaming
 h - a +5 trident
 k - a +3 quarterstaff of chaos
 o - a +0 long sword
 s - a +0 scimitar
 t - a +4 hand axe
 v - a +2 dagger of venom (weapon)
 D - a +2 hammer of protection
 K - a +0 orcbow
Missiles
 l - 9 javelins
 m - 9 poisoned darts
 p - 4 boomerangs (quivered)
Armour
 e - an orb of energy
 q - a scarf of repulsion
 C - a +1 cloak of willpower (melded)
 E - a +0 helmet
Jewellery
 g - a +6 ring of dexterity (left hand)
Talismans
 c - a flux talisman
 y - a beast talisman (active)
Wands
 i - a wand of flame (19)
 r - a wand of light (9)
 F - a wand of mindburst (10)
 G - a wand of digging (7)
 J - a wand of charming (22)
 L - a wand of iceblast (9)
Scrolls
 f - 4 scrolls of teleportation
 j - a scroll of blinking {unknown}
 u - a scroll of amnesia {unknown}
 w - a scroll of fog {unknown}
 M - a scroll of noise {unknown}
Potions
 a - 3 potions of lignification
 d - 2 potions of mutation
 n - a potion of cancellation
 x - a potion of ambrosia
 z - a potion of resistance
 A - a potion of might
 B - a potion of degeneration {unknown}


   Skills:
 + Level 6.9 Fighting
 + Level 6.0 Dodging
 + Level 6.8 Unarmed Combat
 * Level 5.7 Spellcasting
 * Level 5.6 Hexes
 + Level 6.3 Shapeshifting


You had 17 spell levels left.
You knew the following spells:

 Your Spells              Type           Power      Damage    Failure   Level
a - Confusing Touch       Hex            19%        N/A       4%          3

Your spell library contained the following spells:

 Spells                   Type           Power      Damage    Failure   Level
 Slow                     Hex            76%        N/A       1%          1
 Sigil of Binding         Hex            19%        N/A       4%          3
 Tukima's Dance           Hex            19%        N/A       4%          3
 Apportation              Tloc           6%         N/A       16%         1
 Foxfire                  Conj/Fire      12%        2x1d4     16%         1
 Necrotise                Necr           12%        1d4       16%         1
 Sting                    Tmut/Pois      12%        1d3       16%         1
 Summon Small Mammal      Summ           12%        N/A       16%         1
 Poisonous Vapours        Pois/Air       6%         N/A       24%         2
 Mephitic Cloud           Conj/Pois/Air  3%         N/A       43%         3
 Ozocubu's Armour         Ice            3%         N/A       43%         3
 Vampiric Draining        Necr           3%         2d6       43%         3
 Metabolic Englaciation   Hex/Ice        5%         N/A       80%         5
 Yara's Violent Unravell  Hex/Tmut       5%         3d4       80%         5
 Olgreb's Toxic Radiance  Pois           3%         N/A       85%         4
 Passage of Golubria      Tloc           3%         N/A       85%         4
 Freezing Cloud           Conj/Ice/Air   1%         6-21      99%         5
 Plasma Beam              Fire/Air       1%         2x1d11    100%        6
 Starburst                Conj/Fire      1%         6d3       100%        6
 Simulacrum               Ice/Necr       Unusable   N/A       N/A         6

Dungeon Overview and Level Annotations

Branches:
Dungeon (9/15)             Temple (0/1) D:7
   Lair: D:8-11         Orc: D:9-12

Altars:
Cheibriados
Gozag
Xom

Shops:
D:5 (


Innate Abilities, Weirdness & Mutations

You are a hulking beast.
Your limbs bulge with bestial killing power. (Slay +3)
You can spit globs of acid.
Your golden yellow scales are hard. (AC +7)
You cannot fit into any form of body armour.
You are cold-blooded and may be slowed by cold attacks.
You are resistant to acid. (rCorr)


Message History

Your hands stop glowing.
The vampire hits you. The vampire bites you.
The vampire draws strength from your injuries!
Casting: Confusing Touch (dangerous; 4% risk of failure)
Confirm with . or Enter, or press ? or * to list all spells.
Your hands begin to glow red.
The vampire hits you. The vampire bites you.
The vampire draws strength from your injuries!
You hit the vampire but do no damage.
The vampire is lightly damaged.
The vampire hits you!
The vampire bites you but does no damage.
You closely miss the vampire.
The vampire is lightly damaged.
The vampire hits you but does no damage.
The vampire bites you!
* * * LOW HITPOINT WARNING * * *
The vampire draws strength from your injuries!
You closely miss the vampire. You tail-slap the vampire.
The vampire is lightly damaged.
The vampire hits you but does no damage.
The vampire closely misses you.
You closely miss the vampire.
Your tail-slap misses the vampire.
The vampire is lightly damaged.
The vampire closely misses you. x2
You hit the vampire but do no damage.
Your tail-slap misses the vampire.
The vampire is lightly damaged.
The vampire hits you!
* * * LOW HITPOINT WARNING * * *
The vampire bites you.
* * * LOW HITPOINT WARNING * * *
The vampire draws strength from your injuries!
As you read the scroll of teleportation, it crumbles to dust.
You feel strangely unstable.
The vampire hits you but does no damage.
The vampire closely misses you. The vampire attacks as it pursues you!
The vampire hits you!
* * * LOW HITPOINT WARNING * * *
The vampire bites you.
You die...
Your body crumbles into a pile of gold.

...
..PP#####+###
.P..........#
...........<#
+....).....#
#..........#
#..........#
#..........#
#.......Vh.#
#..........#
#..........#
#..........#
###...######
###. .. ...
..


You could see a vampire.

Vanquished Creatures
  Pikel (D:5)
  2 hornets
  Grinder (D:5)
  Sigmund (D:2)
  Eustachio (D:5)
  6 yaks (D:8)
  An acid dragon (D:6)
  3 water moccasins
  3 orc warriors (D:8)
  4 ice beasts
  A sky beast (D:7)
  An ogre (D:5)
  2 centaurs
  2 phantoms
  2 bullfrogs (D:8)
  A scorpion (D:5)
  3 wights (D:8)
  2 howler monkeys
  A gnoll bouda (D:6)
  A hound (D:6)
  Crazy Yiuf (D:3)
  9 orc priests
  A jelly (D:4)
  2 sleepcaps
  Ijyb (D:3)
  5 iguanas
  2 orc wizards
  Natasha (twice) (D:2)
  7 gnolls
  8 adders
  4 worms
  3 dart slugs
  23 orcs
  8 ball pythons
  4 endoplasms
  5 giant cockroaches (D:1)
  4 goblins
  3 hobgoblins
  4 kobolds
  4 quokkas
  2 bats
  3 frilled lizards
  3 rats
147 creatures vanquished.

Notes
Turn   | Place    | Note
-------+----------+-------------------------------------------
     0 | D:1      | croobank the Draconian Shapeshifter began the quest for the
                  | Orb.
     0 | D:1      | Reached XP level 1. HP: 16/16 MP: 1/1
   429 | D:1      | Reached XP level 2. HP: 20/23 MP: 2/2
  1292 | D:2      | Reached XP level 3. HP: 29/29 MP: 3/3
  1363 | D:2      | Noticed Natasha
  1370 | D:2      | Killed Natasha
  1415 | D:2      | Noticed Natasha
  1424 | D:2      | Killed Natasha
  1425 | D:2      | Reached XP level 4. HP: 19/37 MP: 4/4
  1474 | D:2      | Noticed Sigmund
  1492 | D:2      | Killed Sigmund
  1493 | D:2      | Reached XP level 5. HP: 24/45 MP: 5/5
  1653 | D:2      | Reached XP level 6. HP: 29/51 MP: 6/6
  2038 | D:3      | Noticed Ijyb
  2048 | D:3      | Killed Ijyb
  2179 | D:3      | You fall into a shaft and drop 3 floors!
  2246 | D:6      | Noticed an ice beast
  2254 | D:6      | Killed an ice beast
  2295 | D:6      | Noticed an acid dragon
  2306 | D:6      | Killed an acid dragon
  2307 | D:6      | Reached skill level 1 in Spellcasting
  2307 | D:6      | Reached skill level 1 in Hexes
  2307 | D:6      | Your scales start taking on a golden yellow colour.
  2307 | D:6      | Reached XP level 7. HP: 49/59 MP: 6/8
  2307 | D:6      | Gained mutation: You are resistant to acid. (rCorr) [Yellow
                  | Draconian growth]
  2777 | D:5      | Entered Level 5 of the Dungeon
  2789 | D:5      | Learned a level 3 spell: Confusing Touch
  2845 | D:5      | Noticed Eustachio
  3010 | D:5      | Noticed Grinder
  3024 | D:4      | Found an opulent altar of Gozag.
  3034 | D:4      | Became a worshipper of Gozag Ym Sagoz the Greedy
  3043 | D:4      | Reached skill level 5 in Unarmed Combat
  3261 | D:3      | Found a runed translucent door.
  3262 | D:3      | Noticed Crazy Yiuf
  3267 | D:3      | Killed Crazy Yiuf
  3747 | D:4      | Reached XP level 8. HP: 67/67 MP: 11/11
  4695 | D:5      | Killed Grinder
  4696 | D:5      | Reached skill level 5 in Fighting
  4696 | D:5      | Reached skill level 5 in Shapeshifting
  4701 | D:5      | Found Uhofotos's Weapon Emporium.
  4843 | D:5      | Killed Eustachio
  4900 | D:5      | Reached skill level 5 in Dodging
  4979 | D:5      | Reached XP level 9. HP: 74/74 MP: 14/14
  4997 | D:5      | Noticed Pikel
  5003 | D:5      | Killed Pikel
  5976 | D:7      | Found a shimmering altar of Xom.
  6197 | D:7      | Paralysed by a hornet for 1 turns
  6589 | D:7      | Found a staircase to the Ecumenical Temple.
  7062 | D:8      | Reached skill level 5 in Spellcasting
  7197 | D:8      | Reached skill level 5 in Hexes
  7351 | D:8      | Reached XP level 10. HP: 30/84 MP: 5/17
  7531 | D:8      | Found a snail-covered altar of Cheibriados.
  8775 | D:9      | HP: 3/84 [vampire/vampiric draining (17)]
  8799 | D:9      | HP: 4/84 [vampire (9)]
  8799 | D:9      | Slain by a vampire

Illustrated notes

Levels and vault maps discovered:
D:1:      erik_arrival_triangle_small, layout_loops_corners,
          grunt_decor_fettered, chequers_mini_garden, minmay_worlds_worst_comb
D:2:      layout_loops_ring, uniq_sigmund, uniq_natasha
D:3:      layout_loops_cross, uniq_crazy_yiuf_cottage, uniq_ijyb
D:4:      layout_loops_ring, grunt_gozag_statues
D:5:      layout_rooms, serial_shops, shop, uniq_grinder, uniq_pikel,
          uniq_eustachio
D:6:      layout_basic
D:7:      layout_basic, mainiacjoe_overflow_concentric_impassable,
          minmay_temple_entry_arrows
D:8:      layout_layer_cave, mainiacjoe_overflow_chevrons
D:9:      layout_roguey, lemuel_zombie_altar_yredelemnul,
          due_lair_maze_entry_diamond

Skill      XL: |  1  2  3  4  5  6  7  8  9 10 |
---------------+-------------------------------+-----
Dodging        | 2 3 4 5 6 |  6.0
Fighting       | 2 3 4 5 6 |  6.9
Unarmed Combat | 4 5 6 |  6.8
Shapeshifting  | 4 5 6 |  6.3
Spellcasting   | 1 2 3 5 |  5.7
Hexes          | 1 2 3 5 |  5.6

Action                     |  1- 3 |  4- 6 |  7- 9 | 10-12 || total
---------------------------+-------+-------+-------+-------++-------
  Melee: Unarmed           |    61 |    55 |     9 |       ||   125
         Tailslap          |    11 |    10 |    50 |    29 ||   100
         Punch             |     1 |     2 |     5 |     9 ||    17
         Dagger            |       |     8 |   273 |   108 ||   389
   Fire: Orcbow            |       |       |       |     2 ||     2
  Throw: Dart              |       |       |     9 |       ||     9
         Boomerang         |       |       |       |     4 ||     4
   Cast: Confusing Touch   |       |       |    11 |    18 ||    29
Ability: Breathe Acid      |       |       |    23 |       ||    23
  Evoke: Wand              |       |     3 |     1 |     4 ||     8
    Use: Scroll            |       |       |    11 |     1 ||    12
         Potion            |       |       |     2 |     7 ||     9
   Stab: Invisible         |       |     4 |     1 |       ||     5
         Sleeping          |       |       |     2 |       ||     2
         Distracted        |       |       |     3 |       ||     3
         Confused          |       |       |     3 |     8 ||    11
 Armour: Skin              |    28 |    32 |   137 |    77 ||   274
  Dodge: Dodged            |    37 |    36 |   197 |    71 ||   341
   Form: Beast             |     2 |       |     1 |       ||     3
                           |     1 |       |     1 |       ||     2

Table legend: (Time is in decaauts)
 A = Elapsed time spent in this place.
 B = Non-inter-level travel time spent in this place.
 C = Inter-level travel time spent in this place.
 D = Time resting spent in this place.
 E = Time spent auto-exploring this place.
 F = Levels seen in this place.
 G = Mean time per level.
                   A        B        C        D        E       F      G
               +--------+--------+--------+--------+--------+-----+--------+
         Total |   8801 |   8590 |    211 |   1875 |   4877 |   9 |  977.9 |
       Dungeon |   8801 |   8590 |    211 |   1875 |   4877 |   9 |  977.9 |
               +--------+--------+--------+--------+--------+-----+--------+

Top non-repeatable levels by time:
     D:8: 2053 daAuts
     D:6: 1189 daAuts
     D:4: 1068 daAuts
     D:1: 1066 daAuts
     D:7: 1053 daAuts
     D:2: 937 daAuts
     D:3: 729 daAuts
     D:5: 642 daAuts
     D:9: 60 daAuts
